 Dungeon Crawl Stone Soup version 0.31-a0-825-gf28bc0971e (webtiles) character file.

Game seed: 8669852670015739605

36 qw the Shooter (level 3, -2/22 HPs)
             Began as a Gargoyle Hunter on Sept 23, 2023.
             Slain by an ufetubus (3 damage)
             ... on level 2 of the Dungeon.
             The game lasted 00:00:19 (692 turns).

qw the Shooter (Gargoyle Hunter)                     Turns: 692, Time: 00:00:19

Health: -2/22      AC:  8    Str: 14    XL:     3   Next: 37%
Magic:  3/3        EV: 10    Int:  9    God:
Gold:   69         SH:  0    Dex: 15    Spells: 2/2 levels left

rFire   . . .        Y - +0 shortbow
rCold   . . .        (shield currently unavailable)
rNeg    + . .        d - +0 ring mail
rPois   inf          (no helmet)
rElec   +            (no cloak)
rCorr   .            (no gloves)
SInv    .            (no boots)
Will    .....        (no amulet)
Stlth   +            (no ring)
HPRegen 0.23/turn    (no ring)
MPRegen 0.08/turn

%: no passive effects
@: no status effects
A: sickness immunity, AC +3, negative energy resistance 1, electricity
resistance, torment resistance 1, petrification resistance
a: no special abilities


You were on level 2 of the Dungeon.
You visited 1 branch of the dungeon, and saw 2 of its levels.

You collected 69 gold pieces.


Innate Abilities, Weirdness & Mutations

You are immune to sickness and miasma.
Your stone body is resilient. (AC +3)
You are immune to poison.
You resist negative energy. (rN+)
You are resistant to electric shocks. (rElec)
You are resistant to unholy torment.
You are immune to petrification.


   Skills:
 - Level 2.5 Fighting
 - Level 5.0 Ranged Weapons
 + Level 0.0 Armour
 - Level 1.5 Dodging
 - Level 1.1 Stealth


You had 2 spell levels left.
You didn't know any spells.
Your spell library was empty.

Inventory:

Hand Weapons
 Y - a +0 shortbow (weapon)
Armour
 d - a +0 ring mail (worn)
Potions
 e - a potion of brilliance {unknown}
 f - a potion of curing {unknown}

Dungeon Overview and Level Annotations

Branches:
Dungeon (2/15)

Altars:


Message History

There are monsters nearby!
Waypoint 1 assigned to D:2.
You shoot an arrow.
The arrow hits the rat but does no damage.
A goblin comes into view. It is wielding a +0 club.
684 ||| STAIRDANCE The rat bites you but does no damage.
You climb upwards.
There is a stone staircase leading down here.
You shoot an arrow. The arrow closely misses the rat.
The rat bites you but does no damage.
You shoot an arrow. The arrow hits the rat.
You kill the rat!
Done exploring.
What level of the Dungeon? (default 2, ? - help)
You climb downwards.
The ufetubus completely misses you.
The ufetubus hits you but does no damage.
The goblin hits you with a +0 club.
The ufetubus hits you but does no damage. x2
The endoplasm freezes you.
You are frozen.
There is a stone staircase leading up here.
You shoot an arrow. The arrow barely misses the ufetubus.
The ufetubus hits you.
The ufetubus hits you but does no damage.
The goblin hits you but does no damage.
The endoplasm hits you but does no damage.
The ufetubus hits you. The ufetubus barely misses you.
The goblin hits you but does no damage. The endoplasm hits you.
You shoot an arrow. The arrow misses the ufetubus.
You feel your willpower return.
The ufetubus hits you but does no damage.
The ufetubus barely misses you.
The ufetubus hits you but does no damage.
The ufetubus hits you. The endoplasm barely misses you.
The goblin hits you but does no damage.
You shoot an arrow. The arrow closely misses the ufetubus.
The ufetubus closely misses you. The ufetubus hits you.
The goblin barely misses you. The endoplasm closely misses you.
The ufetubus hits you.
You die...

#####
#....
#....
##
#....
..
#...##.
#.....
#..J5##
#...@.#
##.#.g#
# #....
##.....
......#
#.....#
.....#
.#...#


You could see an ufetubus, an endoplasm and a goblin.

Vanquished Creatures
  A dart slug (D:1)
  An endoplasm (D:1)
  4 giant cockroaches (D:1)
  5 goblins (D:1)
  2 hobgoblins (D:1)
  3 quokkas (D:1)
  3 ball pythons (D:1)
  A bat (D:1)
  4 frilled lizards (D:1)
  3 kobolds (D:1)
  3 rats (D:1)
30 creatures vanquished.

Notes
Turn   | Place    | Note
-------+----------+-------------------------------------------
     0 | D:1      | qw the Gargoyle Hunter began the quest for the Orb.
     0 | D:1      | Reached XP level 1. HP: 12/12 MP: 1/1
     0 | D:1      | 0 ||| qw: Version: 0.3-a-83-gcd0e7d8
     0 | D:1      | 0 ||| qw: Game counter: 1814
     0 | D:1      | 0 ||| qw: Melee chars always use a shield: true
     0 | D:1      | 0 ||| qw: God list: Okawaru
     0 | D:1      | 0 ||| qw: Allow faded altars: false
     0 | D:1      | 0 ||| qw: Do Orc after clearing Dungeon:15 true
     0 | D:1      | 0 ||| qw: Do second Lair branch before Depths: true
     0 | D:1      | 0 ||| qw: Lair rune preference: random
     0 | D:1      | 0 ||| qw: Goals: Normal
     0 | D:1      | 0 ||| PLANNING D:1-11
   107 | D:1      | Reached XP level 2. HP: 17/17 MP: 2/2
   373 | D:1      | Reached XP level 3. HP: 21/21 MP: 3/3
   399 | D:1      | Reached skill level 5 in Ranged Weapons
   649 | D:1      | 649 ||| UPGRADING to +0 ring mail.
   659 | D:1      | 659 ||| DROPPING +0 leather armour.
   660 | D:1      | 660 ||| READING 2 scrolls labelled YPLESHR HOAGA.
   661 | D:1      | 661 ||| DROPPING scroll of vulnerability.
   662 | D:1      | 662 ||| DROPPING scroll of butterflies.
   684 | D:2      | 684 ||| STAIRDANCE
   691 | D:2      | HP: 3/22 [ufetubus (4)]
   692 | D:2      | HP: 1/22 [ufetubus (3)]
   692 | D:2      | Slain by an ufetubus

Levels and vault maps discovered:
D:1:      lightli_arrival_isolated_outpost, layout_basic, roderic_roman_lattice,
          nrook_mini_vaults
D:2:      layout_basic, shapermc_ecumenical_altar_petra, minmay_tetromino_t4

Skill      XL: |  1  2  3 |
---------------+----------+-----
Ranged Weapons | 5 |  5.0
Fighting       | |  2.5
Dodging        | |  1.5
Stealth        | |  1.1

Action                     || total
---------------------------++-------
   Fire: Shortbow          ||    75
    Use: Scroll            ||     1
 Armour: Leather armour    ||     9
         Ring mail         ||    19
  Dodge: Dodged            ||    15

Table legend:
 A = Non-vault XP
 B = Vault XP
 C = Vault XP percentage of total XP
 D = Non-vault monster count
 E = Vault monster count
 F = Vault count percentage of total count
                 A         B        C        D         E       F
            +---------+---------+-------+---------+---------+-------
      Total |      52 |       0 |   0.0 |      30 |       0 |   0.0
            +---------+---------+-------+---------+---------+-------
        D:1 |      52 |       0 |   0.0 |      30 |       0 |   0.0
            +---------+---------+-------+---------+---------+-------
